 Dungeon Crawl Stone Soup version 0.29.1-1-gd02db6906a (webtiles) character file.

Game seed: 4794387871933761239

9835 LabCoat the Cleaver (level 11, -49/97 HPs)
             Began as a Hill Orc Fighter on Sept 26, 2022.
             Was a Believer of Trog.
             Annihilated by an enormous slime creature (52 damage)
             ... on level 10 of the Dungeon.
             The game lasted 00:47:09 (11900 turns).

LabCoat the Cleaver (Hill Orc Fighter)             Turns: 11900, Time: 00:47:10

Health: -49/97     AC: 21    Str: 30    XL:     11   Next: 52%
Magic:  11/11      EV:  7    Int: 10    God:    Trog [**....]
Gold:   569        SH:  5    Dex: 10    Spells: 10/10 levels left

rFire   + . .      SeeInvis .   a - +0 war axe
rCold   . . .      Faith    .   c - +0 buckler
rNeg    + . .      Spirit   .   v - +0 plate armour
rPois   .          Reflect  .   d - +0 helmet
rElec   .          Harm     .   h - +1 cloak
rCorr   .          Rampage  .   f - +1 pair of gloves "Zikeziph" {rF+ Will+ Int+2}
Will    +....                   k - +0 pair of boots
Stlth   ..........              E - amulet of the acrobat
HPRegen 0.26/turn               i - +6 ring of strength
MPRegen 0.12/turn               n - ring of positive energy

@: on berserk cooldown, slowed, very slow
A: no striking features
a: Renounce Religion, Berserk, Trog's Hand


You were on level 10 of the Dungeon.
You worshipped Trog.
Trog was pleased with you.
You visited 2 branches of the dungeon, and saw 11 of its levels.
You also visited: Bailey.

You collected 569 gold pieces.

Inventory:

Hand Weapons
 a - a +0 war axe (weapon)
 y - a +2 flail of venom
 H - a +0 broad axe
 I - a +4 battleaxe of electrocution
Missiles
 j - 19 poisoned darts (quivered)
 m - 5 boomerangs
 J - 3 silver boomerangs
Armour
 c - a +0 buckler (worn)
 d - a +0 helmet (worn)
 f - the +1 pair of gloves "Zikeziph" (worn) {rF+ Will+ Int+2}
   (You found it on level 9 of the Dungeon)

   Int:       It affects your intelligence (+2).
   rF:        It protects you from fire.
   Will:      It increases your willpower.
 h - a +1 cloak (worn)
 k - a +0 pair of boots (worn)
 v - a +0 plate armour (worn)
 B - a +0 pair of gloves
 D - a scarf of harm
Jewellery
 i - a +6 ring of strength (left hand)
 l - a ring of willpower
 n - a ring of positive energy (right hand)
 o - a ring of flight
 q - a +6 ring of intelligence
 E - an amulet of the acrobat (around neck)
Wands
 u - a wand of roots (8)
 M - a wand of polymorph (6)
Scrolls
 e - a scroll of acquirement
 p - 5 scrolls of amnesia
 s - 2 scrolls of magic mapping
 L - a scroll of vulnerability {unknown}
Potions
 b - 2 potions of magic {unknown}
 r - 3 potions of lignification
 t - 2 potions of curing
 w - 3 potions of flight
 x - 3 potions of brilliance
 z - a potion of attraction {unknown}
 F - 3 potions of mutation
 G - a potion of ambrosia {unknown}
 K - a potion of invisibility {unknown}


   Skills:
 + Level 9.3 Fighting
 * Level 11.4 Axes
 + Level 6.1 Throwing
 + Level 8.4 Armour
 + Level 8.5 Shields
 + Level 6.9 Evocations


You had 10 spell levels left.
You didn't know any spells.
Your spell library contained the following spells:

 Spells                   Type           Power      Damage    Failure   Level
 Ensorcelled Hibernation  Hex/Ice        0%         N/A       99%         2
 Poisonous Vapours        Pois/Air       0%         N/A       99%         2
 Static Discharge         Conj/Air       0%         3-3/arc   99%         2
 Spider Form              Tmut/Pois      0%         N/A       100%        3
 Stone Arrow              Conj/Erth      0%         3d7       100%        3
 Anguish                  Hex/Necr       0%         N/A       100%        4
 Animate Armour           Summ/Erth      0%         N/A       100%        4
 Corpse Rot               Necr/Pois/Air  0%         N/A       100%        4
 Dispel Undead            Necr           0%         3d6       100%        4
 Sticky Flame             Conj/Fire      0%         2d3       100%        4
 Lehudib's Crystal Spear  Conj/Erth      0%         10d2      100%        8


Dungeon Overview and Level Annotations

Branches:
Dungeon (10/15)            Temple (1/1) D:5          Bailey (visited)
   Lair: D:8-11         Orc: D:9-12

Altars:
Ashenzari
Dithmenos
Elyvilon
Fedhas
Gozag
Hepliaklqana
Kikubaaqudgha
Makhleb
Nemelex Xobeh
Okawaru
Ru
Sif Muna
Trog
Uskayaw
Xom
Yredelemnul
Zin
The Shining One

Shops:
D:4 =   D:8 !:   D:10 !


Message History

The enormous slime creature is moderately wounded.
You hit the enormous slime creature.
The enormous slime creature is moderately wounded.
You block the enormous slime creature's attack.
You slice the enormous slime creature!!
The enormous slime creature is moderately wounded.
You block the enormous slime creature's attack.
You slice the enormous slime creature!!
The enormous slime creature is heavily wounded.
You slash the enormous slime creature!
The enormous slime creature is heavily wounded.
The enormous slime creature hits you but does no damage.
You completely miss the enormous slime creature.
The enormous slime creature is heavily wounded.
The enormous slime creature hits you!!!
You slice the enormous slime creature!!
The enormous slime creature is heavily wounded.
You slice the enormous slime creature!!
The enormous slime creature is severely wounded.
You block the enormous slime creature's attack.
You slice the enormous slime creature!!
The enormous slime creature is severely wounded.
The enormous slime creature closely misses you.
You slash the enormous slime creature!
The enormous slime creature is almost dead.
The enormous slime creature hits you but does no damage.
You completely miss the enormous slime creature.
The enormous slime creature is almost dead.
You slice the enormous slime creature!!
The enormous slime creature is almost dead.
You are no longer berserk.
You are exhausted.
You feel yourself slow down. The enormous slime creature hits you!!!
Ouch! That really hurt!
* * * LOW HITPOINT WARNING * * *
You hit the enormous slime creature.
The enormous slime creature is almost dead.
The enormous slime creature hits you!!!
Ouch! That really hurt!
You die...

*.##### #.# *,* .#*,,*
#.# *,* .*,*,* #.# *,*
*,**,* #.# *,* ***,**
#.# *,* **,*,* #.#
***,*#*** ,,**,* #.#
*,,...,,* ,**,,*
#.########.....,,*
**,***
#......@J......,,*** *_*
#########......,,,,* ***
###**********,.$...,,,,*
#..,,,,,,,,,,,,....,,,,*
#.#***********,,......,*
#.# ***,....,,* #.#
*,,.(.,,* #.# *,,...,,*
#.# ***#(#***


You could see an enormous slime creature.

Vanquished Creatures
  A two-headed ogre (D:9)
  An orc knight (Bailey)
  An orc sorcerer (Bailey)
  Joseph (D:9)
  A kobold demonologist (Bailey)
  Grinder (D:4)
  A slime creature (D:10)
  17 yaks
  A steam dragon (D:9)
  Menkaure (D:4)
  Duvessa (D:4)
  2 acid dragons
  3 water moccasins
  An ice beast (D:6)
  10 orc warriors
  Pargi (D:4)
  A sky beast (D:6)
  6 ogres
  6 centaurs
  3 kobold brigands
  A gnoll sergeant (D:9)
  2 bullfrogs
  A necrophage (D:5)
  3 scorpions
  Dowan (D:4)
  7 wights (D:6)
  3 electric eels (Bailey)
  A jelly (D:8)
  3 orc priests
  2 hounds
  Natasha (D:3)
  Terence (D:3)
  6 iguanas
  2 orc wizards
  Robin (D:2)
  10 adders
  11 gnolls
  2 shadow imps
  A white imp (D:6)
  An ufetubus (D:4)
  6 worms
  4 dart slugs
  27 orcs
  6 endoplasms
  3 giant cockroaches
  28 goblins
  17 hobgoblins
  7 jackals
  4 quokkas
  7 ball pythons
  2 bats (D:3)
  3 frilled lizards
  19 kobolds
  A rat (D:2)
254 creatures vanquished.

Vanquished Creatures (others)
  A fungus (D:3)
  5 plants (D:3)
6 creatures vanquished.

Grand Total: 260 creatures vanquished

Notes
Turn   | Place    | Note
-------+----------+-------------------------------------------
     0 | D:1      | LabCoat the Hill Orc Fighter began the quest for the Orb.
     0 | D:1      | Reached XP level 1. HP: 19/19 MP: 1/1
    74 | D:1      | Reached skill level 3 in Axes
    74 | D:1      | Reached XP level 2. HP: 17/27 MP: 2/2
   636 | D:1      | Reached XP level 3. HP: 33/33 MP: 3/3
  1229 | D:2      | Identified the +6 scale mail of the Bulwark {Drain rPois
                  | Regen+ Dex+2}
  1234 | D:2      | Found a broken altar of Ashenzari.
  1248 | D:2      | Reached XP level 4. HP: 40/40 MP: 4/4
  1342 | D:2      | Noticed Robin
  1364 | D:2      | Killed Robin
  1613 | D:3      | Reached skill level 1 in Evocations
  1871 | D:3      | Found a faded altar of an unknown god.
  1878 | D:3      | Noticed Natasha
  1885 | D:3      | Killed Natasha
  1886 | D:3      | Reached skill level 4 in Axes
  1886 | D:3      | Reached skill level 1 in Throwing
  1886 | D:3      | Reached XP level 5. HP: 42/47 MP: 5/5
  2118 | D:3      | Noticed Terence
  2126 | D:3      | Killed Terence
  2615 | D:4      | Reached XP level 6. HP: 53/53 MP: 6/6
  2668 | D:4      | Found Foosuesh's One-of-a-Kind Rings.
  2969 | D:4      | Reached skill level 5 in Fighting
  3065 | D:4      | Found a hazy altar of Hepliaklqana.
  3106 | D:4      | Reached XP level 7. HP: 60/61 MP: 7/7
  3207 | D:4      | Noticed Pargi
  3221 | D:4      | Killed Pargi
  3222 | D:4      | Reached skill level 5 in Axes
  3350 | D:4      | Noticed Grinder
  3371 | D:4      | Killed Grinder
  3372 | D:4      | Reached skill level 5 in Armour
  3372 | D:4      | Reached skill level 5 in Shields
  3372 | D:4      | Reached XP level 8. HP: 66/70 MP: 8/8
  3489 | D:4      | Noticed Dowan
  3489 | D:4      | Noticed Duvessa
  3505 | D:4      | Killed Duvessa
  3507 | D:4      | Killed Dowan
  3764 | D:4      | Noticed Menkaure
  3776 | D:4      | Killed Menkaure
  3777 | D:4      | Reached skill level 6 in Axes
  4031 | D:5      | Entered Level 5 of the Dungeon
  4371 | D:5      | Found a shimmering altar of Xom.
  4792 | D:5      | Found a staircase to the Ecumenical Temple.
  4798 | Temple   | Entered the Ecumenical Temple
  4869 | Temple   | Became a worshipper of Trog the Wrathful
  4931 | D:5      | Reached XP level 9. HP: 70/78 MP: 9/9
  5195 | D:5      | Found a hide-covered altar of Uskayaw.
  5195 | D:5      | Noticed a +0 falchion
  5195 | D:5      | Noticed a +0 dagger
  5195 | D:5      | Noticed a +0 dagger
  5196 | D:5      | Noticed a +0 short sword
  5196 | D:5      | Noticed a +0 short sword
  5196 | D:5      | Noticed a +0 spear
  5197 | D:5      | Noticed a +0 falchion
  5198 | D:5      | Noticed a +0 spear
  5684 | D:6      | Reached skill level 7 in Axes
  6080 | D:6      | Reached * piety under Trog
  6652 | D:6      | Reached skill level 5 in Evocations
  6930 | D:7      | Found a basalt altar of Yredelemnul.
  7190 | D:8      | Reached skill level 8 in Axes
  7197 | D:8      | Reached XP level 10. HP: 52/88 MP: 10/10
  7273 | D:8      | Reached skill level 5 in Throwing
  7273 | D:8      | Found Zaorimpa's Vocational Training.
  7570 | D:8      | Reached skill level 9 in Axes
  7698 | D:8      | Found a flagged portal.
  7714 | Bailey   | Entered a bailey
  7763 | Bailey   | Reached ** piety under Trog
  7889 | Bailey   | Found an iron altar of Okawaru.
  7890 | Bailey   | Noticed an orc sorcerer
  7901 | Bailey   | Killed an orc sorcerer
  7918 | Bailey   | Noticed an orc knight
  7937 | Bailey   | Killed an orc knight
  8093 | Bailey   | Noticed a kobold demonologist
  8356 | Bailey   | Noticed a soul eater
  8359 | Bailey   | Killed a kobold demonologist
  8360 | Bailey   | Reached skill level 10 in Axes
  9319 | D:8      | Found Oseocle's Distillery.
  9324 | D:8      | Reached XP level 11. HP: 89/95 MP: 11/11
  9677 | D:8      | Found a glowing golden altar of the Shining One.
  9860 | D:9      | Identified the +1 pair of gloves "Zikeziph" {rF+ Will+
                  | Int+2}
 10362 | D:9      | Found an iron altar of Okawaru.
 10468 | D:9      | Found a shadowy altar of Dithmenos.
 10591 | D:9      | Noticed a two-headed ogre
 10600 | D:9      | Killed a two-headed ogre
 10600 | D:9      | Noticed Joseph
 10624 | D:9      | Killed Joseph
 10993 | D:10     | Entered Level 10 of the Dungeon
 10997 | D:10     | Reached skill level 11 in Axes
 11818 | D:10     | Found Qoimpidusk's Distillery.
 11899 | D:10     | HP: 3/97 [enormous slime creature (50)]
 11900 | D:10     | Annihilated by an enormous slime creature

Illustrated notes

Levels and vault maps discovered:
D:1:      dpeg_arrival_arbitrary_b, layout_rooms
D:2:      layout_rooms, basic_altar, uniq_robin
D:3:      layout_basic, shapermc_ecumenical_altar_mp_ritualfount, uniq_natasha,
          uniq_terence
D:4:      layout_layer_cave, nzn_hepliaklqana_mist_gate, corexii_hall_statues_i,
          nicolae_shop_unique_rings, nicolae_figureground_pulse, uniq_menkaure,
          uniq_grinder, uniq_duvessa, uniq_pargi
D:5:      layout_loops_ring, nicolae_uskayaw_en_pointe, xom_teletrap_fun,
          minmay_temple_entry_offerings, reono_crystal_passage,
          kennysheep_small_square
D:6:      layout_layer_cave, grunt_ministairs_8, kennysheep_windowed_goal
D:7:      erik_cavepeople, layout_cave_pools, lemuel_coloured_pillars_altar,
          mainiacjoe_overflow_paths, serial_column_ruins, column_ruins_hut,
          column_ruins_grid_1, column_ruins_grid_1,
          column_ruins_open_small_water, column_ruins_grid_1,
          column_ruins_open_medium
D:8:      layout_basic, kennysheep_mini_moat, serial_shops, shop,
          enter_bailey_5, nicolae_shop_vocational
D:9:      layout_rooms, mainiacjoe_overflow_alcove_2, overflow_temple_1_default,
          nicolae_concentric_dashed_squares_wild, uniq_joseph
D:10:     layout_loops_ring, marbit_many_paths, minitemple, serial_shops,
          kennysheep_little_box, dk_vineyard_1
Temple:   jpeg_temple_clearing

Skill      XL: |  1  2  3  4  5  6  7  8  9 10 11 |
---------------+----------------------------------+-----
Axes           | 3 4 5 6 8 10 11 | 11.4
Fighting       | 4 5 6 7 8 9 |  9.3
Evocations     | 1 2 3 4 5 6 |  6.9
Throwing       | 1 2 3 4 5 6 |  6.1
Armour         | 4 5 6 7 8 |  8.4
Shields        | 4 5 7 8 |  8.5

Action                   |  1- 3 |  4- 6 |  7- 9 | 10-12 || total
-------------------------+-------+-------+-------+-------++-------
Melee: War axe           |    73 |   140 |   232 |   319 ||   764
Throw: Boomerang         |     6 |    32 |    45 |    20 ||   103
       Dart              |       |       |       |    30 ||    30
       Javelin           |       |       |       |    15 ||    15
Invok: Berserk           |       |       |       |     6 ||     6
       Trog's Hand       |       |       |       |     4 ||     4
Evoke: Wand              |       |       |    17 |    11 ||    28
  Use: Scroll            |     7 |     2 |     4 |    12 ||    25
       Potion            |       |     4 |     4 |     6 ||    14
Armor: Scale mail        |    33 |       |       |       ||    33
       Chain mail        |     4 |    80 |   151 |    33 ||   268
       Plate armour      |       |       |       |    89 ||    89
Dodge: Dodged            |    27 |    46 |    98 |   104 ||   275
Block: Buckler           |    14 |    24 |    52 |    87 ||   177
